 Dungeon Crawl Stone Soup version 0.31-a0-544-gceb718ecc6 (webtiles) character file.

Game seed: 12064317313424146284

532 Shayle the Trooper (level 7, -1/74 HPs)
             Began as an Ogre Shapeshifter on Aug 15, 2023.
             Was an Initiate of Gozag.
             Slain by a gnoll sergeant
             ... wielding a +0 trident
              (5 damage)
             ... on level 4 of the Dungeon.
             The game lasted 00:10:18 (3728 turns).

Shayle the Trooper (Ogre Shapeshifter)              Turns: 3728, Time: 00:10:20

Health: -1/74      AC:  4    Str: 20    XL:     7   Next: 24%
Magic:  0/13       EV:  9    Int: 11    God:    Gozag
Gold:   231        SH:  0    Dex:  9    Spells: 14/14 levels left

rFire   . . .        m - +2 short sword (elec)
rCold   . . .        (no shield)
rNeg    . . .        a - +1 animal skin
rPois   .            (helmet currently unavailable)
rElec   .            (cloak currently unavailable)
rCorr   .            (gloves unavailable)
SInv    .            (boots unavailable)
Will    .....        h - amulet of guardian spirit
Stlth   +            (no ring)
HPRegen 0.32/turn    (no ring)
MPRegen 0.13/turn

%: guardian spirit
@: beast-form, gold aura
A: beast (slay +2), large, unfitting armour, tough skin 1
a: Begin Untransformation, Renounce Religion, Potion Petition, Call Merchant,
Bribe Branch


You were on level 4 of the Dungeon.
You worshipped Gozag.
Gozag was aware of your devotion.
You were a hulking beast.
You visited 1 branch of the dungeon, and saw 4 of its levels.

You collected 269 gold pieces.
You paid 38 gold pieces to Gozag.

Inventory:

Hand Weapons
 m - a +2 short sword of electrocution (weapon)
Armour
 a - a +1 animal skin (worn)
Jewellery
 h - an amulet of guardian spirit (around neck)
Talismans
 c - a beast talisman (active)
 d - a flux talisman
Scrolls
 f - a scroll of teleportation {unknown}
 g - a scroll of immolation
 l - a scroll of identify
Potions
 b - a potion of lignification
 e - a potion of mutation {unknown}
 o - a potion of degeneration {unknown}
 p - a potion of brilliance {unknown}


   Skills:
 + Level 5.8 Fighting
 - Level 1.7 Dodging
 + Level 4.7 Unarmed Combat
 + Level 4.4 Spellcasting
 - Level 3.0 Shapeshifting


You had 14 spell levels left.
You didn't know any spells.
Your spell library contained the following spells:

 Spells                   Type           Power      Damage    Failure   Level
 Magic Dart               Conj           8%         1d3       22%         1
 Searing Ray              Conj           4%         2d4       34%         2
 Inner Flame              Hex/Fire       2%         N/A       56%         3
 Fulminant Prism          Conj/Hex       1%         3d5       92%         4
 Yara's Violent Unravell  Hex/Tmut       1%         3d3       99%         5
 Enfeeble                 Hex            1%         N/A       100%        7


Dungeon Overview and Level Annotations

Branches:
Dungeon (4/15)
 Temple: D:4-7

Altars:
Gozag
Hepliaklqana

Shops:
D:2 [


Innate Abilities, Weirdness & Mutations

You are a hulking beast.
Your limbs bulge with bestial killing power. (Slay +2)
You are too large for most types of armour.
You have tough skin. (AC +1)


Message History

g - a scroll of immolation The gnoll sergeant hits you from afar with a +0 trident!
The gnoll is distracted by your dazzling golden aura.
The air fills with toxic fumes!
As you read the scroll labelled EDWIUL EVECALOACH, it crumbles to dust.
It was a scroll of poison.
The gnoll sergeant barely misses you. The gnoll hits you with a +0 whip.
As you read the scroll labelled QYLLIQ NORISTRE, it crumbles to dust.
You assume a fearsome visage.
The gnoll sergeant looks frightened!
The gnoll looks frightened! x2
The gnoll shouts!
It was a scroll of fear.
The gnoll is no longer distracted by gold.
Cornered, the gnoll sergeant turns to fight!
The gnoll is engulfed in poison gas.
The gnoll is poisoned.
You kill the gnoll!
As you read the scroll labelled GUAPUGG INIE, it crumbles to dust.
Your body is wracked with pain!
* * * LOW HITPOINT WARNING * * *
The gnoll sergeant convulses!
The gnoll convulses!
It was a scroll of torment.
The gnoll sergeant hits you from afar with a +0 trident!
* * * LOW HITPOINT WARNING * * *
The gnoll is poisoned.
As you read the scroll labelled OXZOXU JIKOE, it crumbles to dust.
It is a scroll of enchant armour.
Your +0 animal skin glows green for a moment.
The gnoll sergeant hits you from afar with a +0 trident!
* * * LOW HITPOINT WARNING * * *
The gnoll is engulfed in poison gas.
The gnoll looks even sicker.
You kill the gnoll!
It was a potion of curing.
You feel better.
The gnoll sergeant hits you from afar with a +0 trident.
* * * LOW HITPOINT WARNING * * *
Blink to where?
Press: ? - help, Dir - move target
As you read the scroll labelled GYKHURHAOG, it crumbles to dust.
It was a scroll of blinking.
The gnoll sergeant hits you with a +0 trident.
You die...
Your body crumbles into a pile of gold.

#....# ... .#
#☼##.$...#..##
..
#☼##........
#§######....
#§# ... #§##
## #§☼#
##$######§#
#§§§gh§§§§#
#☼######§§...
#§# ..# #☼# #
#§# #§# #§#
#§# #.#


You could see a gnoll sergeant.

Vanquished Creatures
  An ogre (D:3)
  An ice beast (D:3)
  A hound (D:3)
  An orc priest (D:4)
  14 gnolls
  8 adders
  A worm (D:2)
  3 dart slugs
  An orc (D:4)
  7 ball pythons
  10 endoplasms
  4 giant cockroaches
  3 goblins
  6 hobgoblins
  6 kobolds
  3 quokkas (D:1)
  9 bats
  16 frilled lizards
  3 rats
98 creatures vanquished.

Notes
Turn   | Place    | Note
-------+----------+-------------------------------------------
     0 | D:1      | Shayle the Ogre Shapeshifter began the quest for the Orb.
     0 | D:1      | Reached XP level 1. HP: 19/19 MP: 1/1
   184 | D:1      | Reached XP level 2. HP: 26/28 MP: 1/3
   195 | D:1      | Reached skill level 2 in Fighting
   269 | D:1      | Reached skill level 1 in Spellcasting
   620 | D:1      | Reached XP level 3. HP: 36/36 MP: 5/5
   928 | D:1      | Reached skill level 3 in Fighting
  1001 | D:2      | Reached XP level 4. HP: 27/45 MP: 5/7
  1347 | D:2      | Found Dofom's Armour Boutique.
  1933 | D:3      | Reached XP level 5. HP: 47/54 MP: 8/8
  2017 | D:3      | Reached skill level 4 in Fighting
  2276 | D:3      | Found a hazy altar of Hepliaklqana.
  2284 | D:3      | Found an opulent altar of Gozag.
  2331 | D:3      | Became a worshipper of Gozag Ym Sagoz the Greedy
  2562 | D:3      | Found a faded altar of an unknown god.
  2893 | D:4      | Noticed an ice beast
  2895 | D:4      | Noticed an ogre
  2905 | D:3      | Killed an ice beast
  2906 | D:3      | Reached XP level 6. HP: 28/65 MP: 3/11
  3041 | D:3      | Reached skill level 5 in Fighting
  3281 | D:4      | Reached XP level 7. HP: 63/72 MP: 11/13
  3726 | D:4      | HP: 1/74 [gnoll sergeant/+0 trident (10)]
  3728 | D:4      | Slain by a gnoll sergeant

Illustrated notes

Levels and vault maps discovered:
D:1:      dpeg_arrival_arbitrary_c, layout_basic
D:2:      layout_basic, serial_shops, shop, minmay_lizard_king
D:3:      layout_basic, jmf_multi_god_temple, dreamdust_ecumenical_altar_statues
D:4:      layout_loops_cross, hangedman_decor_points

Skill      XL: |  1  2  3  4  5  6 |
---------------+-------------------+-----
Fighting       | 2 3 4 5 |  5.8
Spellcasting   | 1 2 3 4 |  4.4
Unarmed Combat | 3 4 |  4.7
Dodging        | |  1.7
Shapeshifting  | |  3.0

Action                     |  1- 3 |  4- 6 |  7- 9 || total
---------------------------+-------+-------+-------++-------
  Melee: Unarmed           |    94 |    33 |       ||   127
         Punch             |     1 |     3 |     2 ||     6
         Short sword       |       |   116 |    30 ||   146
    Use: Scroll            |       |       |     6 ||     6
         Potion            |       |       |     1 ||     1
   Stab: Sleeping          |     1 |     1 |       ||     2
         Distracted        |       |     1 |       ||     1
 Armour: Animal skin       |    25 |    28 |     4 ||    57
  Dodge: Dodged            |    42 |    63 |    14 ||   119

Table legend: (Time is in decaauts)
 A = Elapsed time spent in this place.
 B = Non-inter-level travel time spent in this place.
 C = Inter-level travel time spent in this place.
 D = Time resting spent in this place.
 E = Time spent auto-exploring this place.
 F = Levels seen in this place.
 G = Mean time per level.
                   A        B        C        D        E       F      G
               +--------+--------+--------+--------+--------+-----+--------+
         Total |   3724 |   3624 |    100 |    820 |   1971 |   4 |  931.0 |
       Dungeon |   3724 |   3624 |    100 |    820 |   1971 |   4 |  931.0 |
               +--------+--------+--------+--------+--------+-----+--------+

Top non-repeatable levels by time:
     D:3: 1283 daAuts
     D:2: 990 daAuts
     D:1: 890 daAuts
     D:4: 559 daAuts
